 Dungeon Crawl Stone Soup version 0.27.1-34-g3ba077fa99 (webtiles) character file.

Game seed: 12209817975600538484

1792 zeram the Cleaver (level 9, -2/78 HPs)
             Began as a Hill Orc Fighter on Jan 16, 2022.
             Was a Believer of Qazlal.
             Killed by divine providence
             ... invoked by an orc priest
              (10 damage)
             ... on level 6 of the Dungeon.
             The game lasted 00:09:09 (6634 turns).

zeram the Cleaver (Hill Orc Fighter)                Turns: 6634, Time: 00:09:10

Health: -2/78      AC:  8    Str: 22    XL:     9   Next: 9%
Magic:  18/18      EV:  8    Int:  8    God:    Qazlal [**....]
Gold:   344        SH: 13    Dex: 10    Spells: 8/8 levels left

rFire    . . .     SeeInvis .   a - +0 war axe
rCold    . . .     Faith    .   c - +0 kite shield
rNeg     . . .     Spirit   .   b - +0 scale mail
rPois    .         Reflect  .   f - +0 helmet
rElec    .         Harm     .   (no cloak)
rCorr    +         Rampage  .   (no gloves)
Will     .....                  (no boots)
Stlth    ..........             s - amulet of magic regeneration
HPRegen  0.23/turn              g - ring of magical power
MPRegen  0.41/turn              l - ring of resist corrosion

@: mighty
A: no striking features
a: Renounce Religion, Convert to Beogh, Upheaval


You were on level 6 of the Dungeon.
You worshipped Qazlal.
Qazlal was pleased with you.
You visited 1 branch of the dungeon, and saw 6 of its levels.

You collected 344 gold pieces.

Inventory:

Hand Weapons
 a - a +0 war axe (weapon)
 j - a +0 vorpal flail
Missiles
 h - 156 stones (quivered)
Armour
 b - a +0 scale mail (worn)
 c - a +0 kite shield (worn)
 f - a +0 helmet (worn)
Jewellery
 e - an amulet of faith
 g - a ring of magical power (left hand)
 l - a ring of resist corrosion (right hand)
 s - an amulet of magic regeneration (around neck)
Wands
 w - a wand of digging (7)
Scrolls
 d - 3 scrolls of magic mapping
 k - a scroll of identify
 m - 3 scrolls of amnesia {unknown}
 n - a scroll of vulnerability {unknown}
 r - a scroll of immolation {unknown}
 t - a scroll of acquirement {unknown}
Potions
 i - a potion of brilliance
 o - a potion of haste
 q - 3 potions of curing
 v - a potion of magic
 x - a potion of might
Miscellaneous
 u - a piece from Xom's chessboard (15/15)


   Skills:
 + Level 6.4 Fighting
 + Level 9.8 Axes
 + Level 6.1 Armour
 + Level 2.3 Dodging
 + Level 6.3 Shields


You had 8 spell levels left.
You didn't know any spells.
Your spell library contained the following spells:

 Spells                   Type           Power      Damage    Failure   Level
 Animate Skeleton         Necr           0%         N/A       97%         1
 Apportation              Tloc           0%         N/A       97%         1
 Corona                   Hex            0%         N/A       97%         1
 Magic Dart               Conj           0%         1d3       97%         1
 Summon Small Mammal      Summ           0%         N/A       97%         1
 Searing Ray              Conj           0%         3d3       99%         2
 Slow                     Hex            0%         N/A       99%         2
 Confusing Touch          Hex            0%         N/A       100%        3
 Ignite Poison            Fire/Tmut/Pois 0%         N/A       100%        3
 Mephitic Cloud           Conj/Pois/Air  0%         N/A       100%        3
 Fulminant Prism          Conj/Hex       0%         3d6       100%        4
 Blade Hands              Tmut           0%         N/A       100%        5
 Bolt of Magma            Conj/Fire/Erth 0%         4d4       100%        5
 Irradiate                Conj/Tmut      0%         3d13      100%        5
 Yara's Violent Unravell  Hex/Tmut       0%         3d3       100%        5
 Dragon Form              Tmut           0%         N/A       100%        7


Dungeon Overview and Level Annotations

Branches:
Dungeon (6/15)             Temple (0/1) D:4

Altars:
Ashenzari
Elyvilon
Qazlal
Uskayaw
Xom
Yredelemnul


Message History

The orc warrior is moderately wounded.
The orc priest shouts, "Beogh is our master!
Accept the truth or die!"
The orc priest closely misses you.
The orc warrior hits you with a +0 glaive.
* * * LOW HITPOINT WARNING * * *
You block the orc priest's attack.
You feel much better.
The orc warrior hits you with a +0 glaive!
You block the orc priest's attack.
You feel very mighty all of a sudden. You block the orc warrior's attack.
The orc priest begins to cast a cantrip, but forgets the words!
You hit the orc warrior.
The orc warrior is moderately wounded.
The orc warrior hits you but does no damage.
You block the orc priest's attack.
The orc warrior hits you with a +0 glaive!
* * * LOW HITPOINT WARNING * * *
You feel much better. You block the orc priest's attack.
You block the orc warrior's attack.
The orc priest shouts, "Beogh is our master!
Accept the truth or die!"
You hit the orc warrior.
The orc warrior is heavily wounded.
The orc priest shouts, "Beogh is our master!
Accept the truth or die!"
The orc priest hits you from afar with a +0 trident.
* * * LOW HITPOINT WARNING * * *
You block the orc warrior's attack.
You slash the orc warrior!
The orc warrior is severely wounded.
The orc priest shouts, "Beogh is our master!
Accept the truth or die!"
The orc priest mumbles some strange prayers to Beogh against you.
Beogh smites you!
* * * LOW HITPOINT WARNING * * *
The orc warrior hits you but does no damage.
The orc warrior barely misses you.
Things that are here:
a +0 short sword; a +0 leather armour The orc priest mumbles some strange prayers to Beogh against you.
Beogh smites you!
You die...

#.##....###.# #.#
#...........# #.#
#.##...###### #.#
..###.## #o# ### #.#
#o# #.# #o# #.# #.#
###### #.# #)# #..†..
#.# #@# #.#### #.#
####.###### #.# #.#
#..........# #.####
#.# #.##.#####.#
#....# #.#######.#..#
#..#.# #.#.........##
##...# #.#...####..#
##.##
####.......##..######.
#.#
#..........##.........
#.#


You could see an orc warrior, an orc priest and an orc.

Vanquished Creatures
  Sigmund (D:2)
  Eustachio (D:4)
  Menkaure (D:4)
  A water moccasin (D:6)
  A black bear (D:4)
  An ogre (D:6)
  2 kobold brigands
  Blork the orc (D:4)
  2 scorpions
  A water moccasin zombie (D:5)
  A bullfrog zombie (D:5)
  4 hounds
  A bullfrog skeleton (D:5)
  Jessica (D:2)
  A gnoll shaman (D:5)
  4 iguanas
  Natasha (thrice) (D:2)
  A scorpion zombie (D:5)
  3 hound skeletons
  8 adders
  6 gnolls
  2 ufetubi
  3 worms
  5 dart slugs
  7 orcs
  6 bats
  7 endoplasms
  3 giant cockroaches
  7 goblins
  4 hobgoblins
  14 jackals
  6 ball pythons
  3 frilled lizards (D:1)
  13 kobolds
  5 rats
130 creatures vanquished.

Vanquished Creatures (others)
  A bullfrog skeleton (D:5)
1 creature vanquished.

Grand Total: 131 creatures vanquished

Notes
Turn   | Place    | Note
-------+----------+-------------------------------------------
     0 | D:1      | zeram the Hill Orc Fighter began the quest for the Orb.
     0 | D:1      | Reached XP level 1. HP: 19/19 MP: 1/1
   133 | D:1      | Reached XP level 2. HP: 26/27 MP: 2/2
   213 | D:1      | Found a faded altar of an unknown god.
   310 | D:1      | Reached skill level 3 in Axes
   740 | D:1      | Reached XP level 3. HP: 31/33 MP: 3/3
  1019 | D:2      | Reached skill level 4 in Axes
  1019 | D:2      | Reached XP level 4. HP: 15/41 MP: 4/4
  1227 | D:2      | Noticed Jessica
  1232 | D:2      | Killed Jessica
  1384 | D:2      | Noticed Natasha
  1396 | D:2      | Killed Natasha
  1414 | D:2      | Noticed Sigmund
  1423 | D:2      | Killed Sigmund
  1424 | D:2      | Reached skill level 5 in Fighting
  1424 | D:2      | Reached skill level 6 in Axes
  1424 | D:2      | Reached XP level 5. HP: 17/48 MP: 5/5
  1424 | D:2      | Reached XP level 6. HP: 20/56 MP: 6/6
  2237 | D:2      | Noticed Natasha
  2255 | D:2      | Killed Natasha
  2272 | D:2      | Noticed Natasha
  2291 | D:2      | HP: 2/56 [iron imp[Natasha] (9)]
  2292 | D:2      | Killed Natasha
  2617 | D:2      | Reached skill level 1 in Dodging
  3049 | D:3      | Found a shimmering altar of Xom.
  3116 | D:3      | Found a stormy altar of Qazlal.
  3479 | D:3      | Reached XP level 7. HP: 53/61 MP: 7/7
  3594 | D:4      | Noticed Eustachio
  3631 | D:4      | Killed Eustachio
  3632 | D:4      | Reached skill level 7 in Axes
  3634 | D:4      | Noticed Menkaure
  3869 | D:4      | Killed Menkaure
  3870 | D:4      | Reached skill level 5 in Armour
  4167 | D:3      | Became a worshipper of Qazlal Stormbringer
  4327 | D:4      | Reached skill level 5 in Shields
  4379 | D:4      | Reached XP level 8. HP: 46/69 MP: 8/8
  4688 | D:4      | Noticed Blork the orc
  4714 | D:4      | Killed Blork the orc
  4715 | D:4      | Reached skill level 8 in Axes
  4887 | D:4      | Found a staircase to the Ecumenical Temple.
  5161 | D:5      | Entered Level 5 of the Dungeon
  5196 | D:5      | Found a basalt altar of Yredelemnul.
  5457 | D:5      | Reached * piety under Qazlal
  5794 | D:5      | Reached skill level 9 in Axes
  5817 | D:5      | Found a white marble altar of Elyvilon.
  5819 | D:5      | Found a hide-covered altar of Uskayaw.
  5874 | D:5      | Found a broken altar of Ashenzari.
  6348 | D:6      | Reached ** piety under Qazlal
  6349 | D:6      | Reached XP level 9. HP: 62/77 MP: 9/9
  6634 | D:6      | Killed from afar by an orc priest

Illustrated notes

Levels and vault maps discovered:
D:1:      lightli_arrival_statuegarden, layout_loops_ring,
          chequers_ecumenical_altar_simple_redux, minmay_tromino_i4
D:2:      layout_loops_cross, uniq_sigmund, uniq_jessica, uniq_natasha
D:3:      layout_basic, mainiacjoe_overflow_catwalk,
          nicolae_qazlal_eye_of_the_storm
D:4:      layout_cave_pools, minmay_temple_entry_poolview, uniq_eustachio,
          uniq_blork_the_orc, uniq_menkaure
D:5:      layout_rooms, mainiacjoe_overflow_paths, grunt_temple_overflow_open,
          lemuel_flame_loot_1
D:6:      layout_loops_ring, mainiacjoe_overflow_alcove_4

Skill      XL: |  1  2  3  4  5  6  7  8 |
---------------+-------------------------+-----
Fighting       | 4 5 6 |  6.4
Axes           | 3 4 6 7 9 |  9.8
Armour         | 4 5 6 |  6.1
Shields        | 4 5 6 |  6.3
Dodging        | 1 2 |  2.3

Action                   |  1- 3 |  4- 6 |  7- 9 || total
-------------------------+-------+-------+-------++-------
Melee: War axe           |    77 |   157 |   237 ||   471
  Use: Scroll            |       |     2 |     5 ||     7
       Potion            |       |     2 |     4 ||     6
Armor: Scale mail        |    40 |    66 |    96 ||   202
Dodge: Dodged            |    41 |    55 |    76 ||   172
Block: Kite shield       |    40 |    96 |   163 ||   299
